 Dungeon Crawl Stone Soup version 0.19-a0-1007-g133f65f (webtiles) character file.

91 Liquid the Insei (level 4, 0/36 HPs)
             Began as a Demonspawn Chaos Knight on July 20, 2016.
             Slain by Sigmund the iguana (8 damage)
             ... on level 3 of the Dungeon.
             The game lasted 00:04:43 (1594 turns).

Liquid the Insei (Demonspawn Chaos Knight)          Turns: 1594, Time: 00:04:43

Health: 0/36       AC: 12    Str: 12    XL:     4   Next: 33%
Magic:  13/13      EV: 11    Int: 14    God:    Xom [..*...]
Gold:   148        SH:  0    Dex: 13    Spells: 0 memorised, 3 levels left

rFire  + . .     SeeInvis .       - Unarmed
rCold  + . .     Gourm    .     a - +2 leather armour
rNeg   . . .     Faith    +     (no shield)
rPois  +         Spirit   .     h - +2 helmet
rElec  +         Dismiss  .     (no cloak)
rCorr  +         Reflect  .     (no gloves)
SustAt .         Harm     .     (no boots)
MR     .....                    m - amulet of faith
Stlth  +.........               (no ring)
                                p - ring of magical power

@: resistant, cleaving, not resistant to hostile enchantments, very unstealthy
A: iridescent scales 1, powered by death 1
a: Renounce Religion


You were on level 3 of the Dungeon.
You worshipped Xom.
You were a toy of Xom.
You were hungry.

You visited 1 branch of the dungeon, and saw 3 of its levels.

You collected 148 gold pieces.

Inventory:

Armour
 a - a +2 leather armour (worn)
 h - a +2 helmet (worn)
Jewellery
 k - an uncursed amulet of rage
 m - an amulet of faith (around neck)
 p - a ring of magical power (left hand)
Scrolls
 d - a scroll of recharging
 i - a scroll of blinking {unknown}
 j - a scroll of fear {unknown}
 l - a scroll of amnesia {unknown}
 n - a scroll of enchant weapon {unknown}
Comestibles
 b - 2 bread rations
 c - 3 meat rations
 g - a beef jerky
 q - 6 chunks of flesh


   Skills:
 + Level 3.6 Fighting
 - Level 1.7 Armour
 + Level 1.6 Dodging
 * Level 4.0 Unarmed Combat


You had 3 spell levels left.
You didn't know any spells.

Dungeon Overview and Level Annotations

Branches:
Dungeon (3/15)

Altars:
Pakellas
Xom

Annotations:
D:3 Liquid's ghost, amateur DsCK; Sigmund


Innate Abilities, Weirdness & Mutations

You are partially covered in iridescent scales. (AC +4)
You regenerate a little health from kills.


Message History

Sigmund is lightly wounded.
You are feeling hungry.
You closely miss Sigmund.
Sigmund is lightly wounded.
Sigmund bites you but does no damage.
You hit Sigmund.
Sigmund is moderately wounded.
Sigmund closely misses you.
You barely miss Sigmund.
Sigmund is moderately wounded.
Sigmund bites you!
* * * LOW HITPOINT WARNING * * *
You hit Sigmund.
Sigmund is heavily wounded.
Sigmund closely misses you.
Unknown command.
You hit Sigmund but do no damage.
Sigmund is heavily wounded.
Sigmund bites you!
You die...

......# ##...#..)....#.#**,,,
......# #.......#...#,.,*,,,
####### ######....#.....,,,,,,
#.........#....#,,,,,,
#######.........#,,...,,,,,,
#...............###...,,,,,,
#####...................#,*****,
##............$.l.......##+*,,,,,
.....รท..........@..$.......,,,,,,
..................)........,,,,,,
...###########..[....#.....,,,,,,
#### #....#........,,,,,,
#....####.....,,,,,, ######
*#####******


You could see Sigmund the iguana.

Vanquished Creatures
  A giant frog skeleton (D:3)
  An adder (D:3)
  An ooze (D:1)
  A worm (D:2)
  A dart slug (D:3)
  A ball python (D:1)
  4 bats
  5 giant cockroaches
  5 hobgoblins
  4 jackals (D:3)
  5 giant newts
  4 goblins
  5 kobolds
  6 rats
44 creatures vanquished.

Notes
Turn   | Place    | Note
-------+----------+-------------------------------------------
     0 | D:1      | Liquid the Demonspawn Chaos Knight began the quest for the Orb.
     0 | D:1      | Reached XP level 1. HP: 18/18 MP: 1/1
    98 | D:1      | XOM: divination: detect items
   296 | D:1      | XOM: divination: detect creatures
   298 | D:1      | XOM: silly message
   309 | D:1      | XOM: harmless Erth miscast
   352 | D:1      | XOM: scenery: 1 doors open
   380 | D:1      | XOM: divination: detect creatures
   384 | D:1      | Reached skill level 3 in Unarmed Combat
   384 | D:1      | Gained mutation: You are partially covered in iridescent scales. (AC +4) [demonic ancestry]
   384 | D:1      | Reached XP level 2. HP: 23/24 MP: 2/2
   435 | D:1      | Reached skill level 1 in Dodging
   727 | D:2      | Found an oddly glowing altar of Pakellas.
   736 | D:2      | XOM: confusion (+ monsters)
   789 | D:2      | XOM: harmless Tmut miscast
   800 | D:2      | XOM: divination: detect items
   874 | D:2      | XOM: butterfly on damage
   888 | D:2      | XOM: noise
   895 | D:2      | Gained mutation: You regenerate a little health from kills. [demonic ancestry]
   895 | D:2      | Reached XP level 3. HP: 14/29 MP: 3/3
  1079 | D:2      | XOM: harmless Divn miscast
  1264 | D:2      | XOM: cloud trail
  1413 | D:3      | Noticed Liquid's ghost (amateur DsCK)
  1420 | D:3      | XOM: enchant monster (good)
  1437 | D:3      | XOM: cleaving
  1446 | D:3      | XOM: 6-stop teleportation journey
  1461 | D:3      | XOM: scenery: create altars
  1496 | D:3      | Reached skill level 4 in Unarmed Combat
  1496 | D:3      | Reached XP level 4. HP: 22/36 MP: 4/4
  1547 | D:3      | Noticed Sigmund
  1552 | D:3      | XOM: god gift: 32 gold pieces
  1557 | D:3      | XOM: potion effect (curing)
  1588 | D:3      | Noticed Sigmund
  1588 | D:3      | XOM: polymorph something unseen -> Sigmund the iguana
  1594 | D:3      | Slain by Sigmund the iguana

Vault maps used:
D:1:      scummos_arrival_gate, hangedman_decor_riveting
D:2:      grunt_pakellas_sulfur
D:3:      uniq_sigmund

Skill      XL: |  1  2  3 |
---------------+----------+-----
Unarmed Combat | 3 4 |  4.0
Dodging        | 1 |  1.6
Fighting       | |  3.6
Armour         | |  1.7

Action                   |  1- 3 |  4- 6 || total
-------------------------+-------+-------++-------
Melee: Unarmed           |   200 |    30 ||   230
       Punch             |     3 |       ||     3
  Use: Scroll            |       |     2 ||     2
       Potion            |       |     2 ||     2
  Eat: Chunk             |     2 |       ||     2
Armor: Leather armour    |    84 |    10 ||    94
Dodge: Dodged            |   122 |     7 ||   129
